 Dungeon Crawl Stone Soup version 0.23-a0-151-gf6d1ed2 (webtiles) character file.

819 EvilAliv3 the Agent of Entropy (level 7, -15/55 HPs)
             Began as a Demonspawn Abyssal Knight on Sept 7, 2018.
             Was a Priest of Lugonu.
             Demolished by Pikel
             ... wielding a +0 whip of electrocution
              (16 damage)
             ... on level 6 of the Dungeon on Sept 8, 2018.
             The game lasted 00:34:37 (5000 turns).

EvilAliv3 the Agent of Entropy (DsAK)               Turns: 5000, Time: 00:34:38

Health: -15/55     AC: 20    Str: 15    XL:     7   Next: 63%
Magic:  11/11      EV: 11    Int: 13    God:    Lugonu [***...]
Gold:   261        SH:  0    Dex: 12    Spells: 6/6 levels left

rFire    + . .     SeeInvis .   e - +4 scythe
rCold    . . .     Gourm    .   (shield currently unavailable)
rNeg     . . .     Faith    .   d - +2 chain mail {rF+}
rPois    +         Spirit   .   C - +0 helmet
rElec    .         Reflect  .   f - +2 cloak {rPois}
rCorr    .         Harm     .   m - +2 pair of gloves
MR       .....                  (no boots)
Stlth    ..........             k - amulet of the acrobat
HPRegen  0.18/turn              x - +5 ring of evasion
MPRegen  0.12/turn              (no ring)

@: no status effects
A: talons 2, molten scales 1
a: Depart the Abyss, Bend Space, Banish, Renounce Religion


You were on level 6 of the Dungeon.
You worshipped Lugonu.
Lugonu was most pleased with you.
You were hungry.

You visited 1 branch of the dungeon, and saw 6 of its levels.
You visited the Abyss 1 time.

You collected 405 gold pieces.
You spent 144 gold pieces at shops.

Inventory:

Hand Weapons
 a - a +2 spear of freezing
 e - a +4 scythe (weapon)
Missiles
 u - 3 tomahawks (quivered)
Armour
 d - a +2 chain mail of fire resistance (worn)
 f - a +2 cloak of poison resistance (worn)
 l - a +0 helmet
 m - a +2 pair of gloves (worn)
 C - a +0 helmet (worn)
Jewellery
 k - an amulet of the acrobat (around neck)
 x - a +5 ring of evasion (left hand)
Wands
 q - a wand of paralysis (10)
Scrolls
 b - 3 scrolls of teleportation
 i - a scroll of fog
 j - 2 scrolls of enchant armour
 o - a scroll of amnesia {unknown}
 p - 2 scrolls of remove curse
 r - 4 scrolls of identify
 y - a scroll of fear
Potions
 g - a potion of magic
 h - 3 potions of curing
 s - a potion of agility
 t - a potion of lignification
 w - 3 potions of might
 A - a potion of brilliance {unknown}
Comestibles
 c - 17 rations


   Skills:
 + Level 4.8 Fighting
   Level 1.9(3.5) Axes
 * Level 4.7(5.0) Polearms
 + Level 3.8 Armour
 - Level 0.8 Dodging
 + Level 5.4 Invocations


You had 6 spell levels left.
You didn't know any spells.
Your spell library contained the following spells:

 Spells                   Type           Power        Failure   Level  Hunger
 Poisonous Vapours        Pois/Air       #.....       100%        2    ###....
 Conjure Flame            Conj/Fire      #.......     100%        3    ####...
 Mephitic Cloud           Conj/Pois/Air  #.......     100%        3    ####...
 Freezing Cloud           Conj/Ice/Air   #.........   100%        6    #######
 Ring of Flames           Chrm/Fire      #.........   100%        7    #######


Dungeon Overview and Level Annotations

Branches:
Dungeon (6/15)
 Temple: D:4-7

Altars:
Ashenzari
Gozag
Makhleb
Trog

Shops:
D:5 *[!%

Annotations:
D:6 Pikel


Innate Abilities, Weirdness & Mutations

You have razor-sharp toenails.
You are partially covered in molten scales. (AC +2)


Message History

The slave hits you. The slave hits you! Pikel barely misses you.
The slave hits you but does no damage. The hound bites you but does no damage.
The slave hits you but does no damage.
You hit Pikel. Your kick misses Pikel.
Pikel is severely wounded.
The hound bites you but does no damage. The slave hits you but does no damage.
The slave hits you. Pikel barely misses you. The slave barely misses you.
The hound barely misses you. The slave hits you but does no damage.
The slave barely misses you. The slave closely misses you.
Pikel hits you but does no damage.
You are electrocuted!
* * * LOW HITPOINT WARNING * * *
Your chain mail prevents you from hitting Pikel.
You claw Pikel.
Pikel is severely wounded.
The hound bites you.
* * * LOW HITPOINT WARNING * * *
The slave closely misses you. The hound bites you but does no damage.
The slave closely misses you. x2; The slave hits you but does no damage.
Pikel hits you but does no damage.
You are electrocuted!
You die...

..... ((.. .
####..###
..##.......#
.......(...#
#.......#
#...l...#
#..hKp..#
#..p@p..#
#....p[.#
#.......#
#.......#
#########


You could see Pikel, 4 slaves, a hound and a leopard gecko.

Vanquished Creatures
  An ogre (D:5)
  2 crimson imps (D:5)
  4 orc priests
  A bullfrog skeleton (D:4)
  A centaur skeleton (D:4)
  2 orc wizards
  An iguana (D:5)
  3 worker ants
  7 gnolls
  9 adders
  A shadow imp (D:4)
  An ooze (D:4)
  An adder skeleton (D:4)
  A worm (D:5)
  4 dart slugs
  2 leopard geckos (D:3)
  22 orcs
  8 giant cockroaches
  12 goblins
  12 hobgoblins
  6 jackals (D:1)
  12 kobolds
  3 quokkas (D:3)
  A ball python (D:4)
  9 bats
  5 frilled lizards
  A leopard gecko skeleton (D:4)
  4 rats
136 creatures vanquished.

Vanquished Creatures (others)
  An orc wizard (D:4)
1 creature vanquished.

Grand Total: 137 creatures vanquished

Notes
Turn   | Place    | Note
-------+----------+-------------------------------------------
     0 | Abyss:1  | EvilAliv3 the Demonspawn Abyssal Knight began the quest for
                  | the Orb.
     0 | Abyss:1  | Reached XP level 1. HP: 18/18 MP: 2/2
    65 | Abyss:2  | Noticed a small abomination
    73 | Abyss:2  | Noticed a wraith
    80 | D:1      | Escaped the Abyss
   198 | D:1      | Gained mutation: You are partially covered in molten
                  | scales. (AC +2) [demonic ancestry]
   198 | D:1      | Reached XP level 2. HP: 24/24 MP: 4/4
   222 | D:1      | Reached * piety under Lugonu
   339 | D:1      | Reached skill level 1 in Polearms
   592 | D:1      | Reached skill level 3 in Invocations
   618 | D:1      | Reached XP level 3. HP: 29/29 MP: 5/5
  1228 | D:2      | Reached XP level 4. HP: 32/35 MP: 6/6
  1329 | D:2      | Reached ** piety under Lugonu
  1813 | D:3      | Reached XP level 5. HP: 28/42 MP: 7/7
  2182 | D:3      | Reached skill level 4 in Invocations
  2504 | D:3      | Gained mutation: You have sharp toenails. [demonic
                  | ancestry]
  2504 | D:3      | Reached XP level 6. HP: 48/48 MP: 9/9
  2587 | D:3      | Reached *** piety under Lugonu
  3002 | D:4      | Found a bloodstained altar of Trog.
  3329 | D:4      | Found an opulent altar of Gozag.
  3331 | D:4      | Found a shattered altar of Ashenzari.
  3347 | D:4      | Found a burning altar of Makhleb.
  3573 | D:4      | Gained mutation: You have razor-sharp toenails. [demonic
                  | ancestry]
  3573 | D:4      | Reached XP level 7. HP: 47/55 MP: 10/10
  3975 | D:5      | Entered Level 5 of the Dungeon
  4115 | D:5      | Reached skill level 5 in Invocations
  4758 | D:5      | Found Joedwuil's Armour Shop.
  4764 | D:5      | Found Tewei's General Store.
  4772 | D:5      | Bought a scroll of fog for 26 gold pieces
  4772 | D:5      | Bought a potion of might for 52 gold pieces
  4772 | D:5      | Bought a scroll of random uselessness for 13 gold pieces
  4772 | D:5      | Bought a potion of curing for 39 gold pieces
  4844 | D:5      | Found Soiwuoh's Distillery.
  4857 | D:5      | Bought a potion of degeneration for 14 gold pieces
  4863 | D:5      | Found Jirud's Food Shoppe.
  4938 | D:6      | Noticed Pikel
  5000 | D:6      | HP: 1/55 [hound (3)]
  5000 | D:6      | Demolished by Pikel

Vault maps used:
D:1:      ebering_trefoil_3fold
D:3:      cheibrodos_greedy_goblins
D:4:      lightli_temple_of_fire, nicolae_overflow_hidden_temple
D:5:      first_ration, serial_shops, shop_statue, shop,
          nicolae_shop_temple_entry_statues_fountains, shop
D:6:      temple_fountains, enter_ossuary_1, uniq_edmund, uniq_pikel
Abyss:1:  hangedman_summoners_spam

Skill      XL: |  1  2  3  4  5  6  7 |
---------------+----------------------+-----
Armour         | 2 3 |  3.8
Polearms       | 1 2 3 4 |  4.7
Invocations    | 3 4 5 |  5.4
Fighting       | 4 |  4.8
Axes           | |  1.9
Dodging        | |  0.8

Action                   |  1- 3 |  4- 6 |  7- 9 || total
-------------------------+-------+-------+-------++-------
Melee: Hand axe          |     7 |       |       ||     7
       Spear             |   113 |   296 |   109 ||   518
       Scythe            |     4 |     9 |    10 ||    23
       Kick              |       |    28 |    20 ||    48
Throw: Tomahawk          |       |       |     4 ||     4
Invok: Depart the Abyss  |     1 |       |       ||     1
  Use: Potion            |       |     1 |       ||     1
       Scroll            |       |     4 |     5 ||     9
  Eat: Chunk             |     1 |     8 |     4 ||    13
Armor: Chain mail        |    61 |   137 |    68 ||   266
Dodge: Dodged            |    41 |    82 |    57 ||   180

Table legend:
 A = Non-vault XP
 B = Vault XP
 C = Vault XP percentage of total XP
 D = Non-vault monster count
 E = Vault monster count
 F = Vault count percentage of total count
                 A         B        C        D         E       F
            +---------+---------+-------+---------+---------+-------
      Total |    1154 |      16 |   1.4 |     129 |       8 |   5.8
            +---------+---------+-------+---------+---------+-------
        D:1 |      52 |       0 |   0.0 |      30 |       0 |   0.0
        D:2 |      97 |       0 |   0.0 |      18 |       0 |   0.0
        D:3 |     220 |      16 |   6.8 |      36 |       8 |  18.2
        D:4 |     423 |       0 |   0.0 |      33 |       0 |   0.0
        D:5 |     362 |       0 |   0.0 |      12 |       0 |   0.0
            +---------+---------+-------+---------+---------+-------
